 Dungeon Crawl Stone Soup version 0.28-a0-823-gb444dcf96d (webtiles) character file.

Game seed: 13352676161182248300

2172 ytrimaz the Magician (level 8, 0/85 HPs)
             Began as a Demigod Fire Elementalist on Nov 10, 2021.
             Succumbed to an orc wizard's poison
             ... on level 6 of the Dungeon.
             The game lasted 00:10:42 (8488 turns).

ytrimaz the Magician (Demigod Fire Elementalist)    Turns: 8488, Time: 00:10:42

Health: 0/85       AC: 24    Str:  9    XL:     8   Next: 86%
Magic:  3/23       EV:  2    Int: 25    God:
Gold:   233        SH:  0    Dex: 14    Spells: 16/22 levels left

rFire   . . .      SeeInvis .   l - +2 short sword (venom)
rCold   . . .      Faith    .   (no shield)
rNeg    . . .      Spirit   .   (armour currently unavailable)
rPois   +          Reflect  .   (helmet currently unavailable)
rElec   .          Harm     .   (cloak currently unavailable)
rCorr   .          Rampage  .   (gloves currently unavailable)
Will    .....      NoTele   +   (boots currently unavailable)
Stlth   ++........              (no amulet)
HPRegen 0.24/turn               (no ring)
MPRegen 0.18/turn               (no ring)

@: lethally poisoned (0 -> -5), tree-form
A: stationary, stasis, torment immunity, boosted hp, high mp 1, forlorn
a: no special abilities


You were on level 6 of the Dungeon.
You were a tree.
You visited 1 branch of the dungeon, and saw 6 of its levels.

You collected 233 gold pieces.

Inventory:

Hand Weapons
 l - a +2 short sword of venom (weapon)
Armour
 a - a +0 robe (melded)
 c - a +0 scale mail
 g - a +0 pair of gloves (melded)
 n - a +0 pair of boots (melded)
 p - a +0 cloak (melded)
Wands
 k - a wand of flame (16)
Scrolls
 b - a scroll of teleportation
 f - 2 scrolls of noise
 m - a scroll of magic mapping
Potions
 e - 3 potions of brilliance
 h - a potion of attraction
 j - a potion of lignification
 o - a potion of haste


   Skills:
 * Level 4.6 Dodging
 - Level 1.7 Stealth
 * Level 7.5 Spellcasting
 - Level 2.0 Conjurations
 + Level 6.5 Fire Magic


You had 16 spell levels left.
You knew the following spells:

 Your Spells              Type           Power      Damage    Failure   Level
a - Flame Wave            Conj/Fire      30%        3d7       11%         4
b - Scorch                Fire           84%        2d9       1%          2

Your spell library contained the following spells:

 Spells                   Type           Power      Damage    Failure   Level
 Foxfire                  Conj/Fire      100%       2x1d9     1%          1
 Conjure Flame            Conj/Fire      30%        6-21      3%          3
 Inner Flame              Hex/Fire       25%        N/A       4%          3
 Blink                    Tloc           18%        N/A       10%         2
 Summon Lightning Spire   Summ/Air       9%         N/A       54%         4
 Manifold Assault         Tloc           9%         N/A       87%         5
 Storm Form               Tmut/Air       4%         N/A       100%        7
 Maxwell's Capacitive Co  Air            4%         ∞         100%        8


Dungeon Overview and Level Annotations

Branches:
Dungeon (6/15)             Temple (0/1) D:6


Innate Abilities, Weirdness & Mutations

You are a tree.
Your roots penetrate the ground, keeping you stationary.
You cannot be teleported.
You are immune to unholy pain and torment.
Your maximum health is greatly increased.
Your equipment is partially melded.
Your attributes grow dramatically as you level up.
You have an increased reservoir of magic. (+10% MP)
You shall have no god before yourself.


Message History

Casting: Scorch (safe; 1% risk of failure)
Confirm with . or Enter, or press ? or * to list all spells.
You don't have enough magic to cast this spell.
Casting: Scorch (safe; 1% risk of failure)
Confirm with . or Enter, or press ? or * to list all spells.
Okay, then.
Okay, then.
Unknown command.
Unknown command.
You hit the orc wizard.
The orc wizard is poisoned.
The orc wizard is moderately wounded.
You feel very sick.
The orc wizard hits you but does no damage.
You miss the orc wizard.
The orc wizard is moderately wounded.
You feel sick.
The orc wizard hits you but does no damage.
You hit the orc wizard.
The orc wizard looks as sick as possible!
The orc wizard is heavily wounded.
You feel sick.
The orc wizard hits you but does no damage.
You are lethally poisoned!
You hit the orc wizard but do no damage.
The orc wizard looks as sick as possible!
The orc wizard is almost dead.
* * * LOW HITPOINT WARNING * * *
You feel very sick.
The orc wizard hits you but does no damage.
You hit the orc wizard.
You kill the orc wizard!
* * * LOW HITPOINT WARNING * * *
You feel very sick.
Unknown command.
There is a lethal amount of poison in your body!
* * * LOW HITPOINT WARNING * * *
You feel sick.
* * * LOW HITPOINT WARNING * * *
You feel sick.
You die...

..............#
..............#
..............#
..............###
...#.........#..
###.....#.#.#
#.###.#.#.#
##########[#
#...#.#
#.†.)♣.....#
##....#
####.##########
#..#####
####...)#.##
#.......
.##....)o....#
#..#####
.............#
#..#####
.###...###..#
#....)..
#........#
#.>####.
#.###....# ####
#. ... ....# #.


There were no monsters in sight!

Vanquished Creatures
  Prince Ribbit (D:5)
  Menkaure (D:5)
  2 water moccasins
  2 orc warriors (D:6)
  A sky beast (D:6)
  3 black bears
  A necrophage (D:5)
  2 ogres
  A centaur (D:6)
  2 scorpions
  Crazy Yiuf (D:5)
  3 orc priests
  3 hounds
  2 jellies
  3 iguanas (D:5)
  4 orc wizards
  5 gnolls
  5 adders
  2 ufetubi (D:6)
  4 worms
  2 dart slugs
  11 orcs
  4 endoplasms
  4 giant cockroaches
  13 goblins
  9 hobgoblins
  3 jackals (D:1)
  4 quokkas
  7 ball pythons
  2 bats (D:1)
  4 frilled lizards
  7 kobolds
  13 rats
131 creatures vanquished.

Vanquished Creatures (others)
  65 foxfires
65 creatures vanquished.

Grand Total: 196 creatures vanquished

Notes
Turn   | Place    | Note
-------+----------+-------------------------------------------
     0 | D:1      | ytrimaz the Demigod Fire Elementalist began the quest for
                  | the Orb.
     0 | D:1      | Reached XP level 1. HP: 14/14 MP: 5/5
   391 | D:1      | Reached skill level 1 in Conjurations
   693 | D:1      | Reached XP level 2. HP: 20/20 MP: 5/7
   971 | D:1      | Reached skill level 2 in Spellcasting
  1406 | D:2      | Learned a level 2 spell: Scorch
  1867 | D:2      | Reached XP level 3. HP: 26/26 MP: 3/8
  2711 | D:2      | Reached XP level 4. HP: 33/33 MP: 5/10
  3371 | D:2      | Learned a level 4 spell: Flame Wave
  4162 | D:3      | Reached skill level 3 in Spellcasting
  4162 | D:3      | Reached XP level 5. HP: 38/38 MP: 5/12
  4754 | D:4      | Noticed a black bear
  5169 | D:4      | Reached XP level 6. HP: 45/45 MP: 9/14
  5258 | D:4      | Noticed a water moccasin
  5265 | D:4      | Killed a water moccasin
  5266 | D:4      | Reached skill level 4 in Spellcasting
  6420 | D:5      | Entered Level 5 of the Dungeon
  6575 | D:5      | Noticed Menkaure
  6579 | D:5      | Killed Menkaure
  6580 | D:5      | Reached XP level 7. HP: 50/50 MP: 12/17
  6592 | D:5      | Reached skill level 5 in Spellcasting
  6599 | D:5      | Reached skill level 5 in Fire Magic
  7133 | D:5      | Found a runed translucent door.
  7134 | D:5      | Noticed Crazy Yiuf
  7149 | D:5      | Noticed Prince Ribbit
  7166 | D:5      | Killed Prince Ribbit
  7167 | D:5      | Reached skill level 6 in Spellcasting
  7167 | D:5      | Reached XP level 8. HP: 41/57 MP: 6/21
  7273 | D:5      | Killed Crazy Yiuf
  7676 | D:6      | Found a staircase to the Ecumenical Temple.
  8014 | D:6      | Reached skill level 7 in Spellcasting
  8485 | D:6      | HP: 4/85 [poisoned by an orc wizard]
  8487 | D:6      | HP: 1/85 [poisoned by an orc wizard]
  8488 | D:6      | Succumbed to an orc wizard's poison

Illustrated notes

Levels and vault maps discovered:
D:1:      lightli_arrival_farm, layout_basic,
          shapermc_ecumenical_altar_mp_ritualfount, chequers_jeans,
          minmay_misc_feat_chi
D:2:      layout_basic, solitary_fountain, minmay_rat_gold_closets
D:3:      wander_river, layout_loops_ring, kennysheep_minor_cross,
          minmay_unequal
D:4:      layout_loops_ring, gammafunk_temple_overflow_wave
D:5:      layout_loops_ring, nicolae_qazlal_eye_of_the_storm,
          uniq_prince_ribbit1, uniq_crazy_yiuf_cottage, uniq_menkaure
D:6:      layout_basic, grunt_temple_overflow_open, temple_doors_e,
          chequers_arboretum, minmay_chambers_of_fives

Skill      XL: |  1  2  3  4  5  6  7  8 |
---------------+-------------------------+-----
Conjurations   | 1 2 |  2.0
Fire Magic     | 3 4 5 6 |  6.5
Dodging        | 2 3 4 |  4.6
Spellcasting   | 2 3 4 6 7 |  7.5
Stealth        | |  1.7

Action                   |  1- 3 |  4- 6 |  7- 9 || total
-------------------------+-------+-------+-------++-------
Melee: Unarmed           |     5 |       |       ||     5
       Short sword       |       |     1 |    20 ||    21
 Cast: Foxfire           |    47 |       |       ||    47
       Scorch            |    38 |    73 |    61 ||   172
       Flame Wave        |       |     2 |     8 ||    10
  Use: Scroll            |       |     7 |     1 ||     8
       Potion            |       |       |     6 ||     6
Armor: Robe              |     2 |     2 |     7 ||    11
       Skin              |       |       |     6 ||     6
Dodge: Dodged            |    22 |     8 |    40 ||    70

Table legend: (Time is in decaauts)
 A = Elapsed time spent in this place.
 B = Non-inter-level travel time spent in this place.
 C = Inter-level travel time spent in this place.
 D = Time resting spent in this place.
 E = Time spent auto-exploring this place.
 F = Levels seen in this place.
 G = Mean time per level.
                   A        B        C        D        E       F      G
               +--------+--------+--------+--------+--------+-----+--------+
         Total |   8519 |   8284 |    235 |   2261 |   4896 |   6 | 1419.8 |
       Dungeon |   8519 |   8284 |    235 |   2261 |   4896 |   6 | 1419.8 |
               +--------+--------+--------+--------+--------+-----+--------+

Top non-repeatable levels by time:
     D:4: 1763 daAuts
     D:1: 1720 daAuts
     D:2: 1686 daAuts
     D:3: 1293 daAuts
     D:5: 1228 daAuts
     D:6: 827 daAuts
